 Dungeon Crawl Stone Soup version 0.27-a0-1256-gced786f65e (webtiles) character file.

Game seed: 2233008512222150794

4681 mdonais the Martial Artist (level 10, -1/60 (68) HPs)
             Began as an Octopode Transmuter on June 9, 2021.
             Was a Follower of Uskayaw.
             Slain by a wight
             ... wielding a +3 mace
              (8 damage)
             ... on level 9 of the Dungeon on June 10, 2021.
             The game lasted 00:54:35 (10861 turns).

mdonais the Martial Artist (Octopode Transmuter)   Turns: 10861, Time: 00:54:36

HP:   -1/60 (68)    AC:  2    Str:  9    XL:     10   Next: 44%
MP:   7/14          EV: 27    Int: 17    God:    Uskayaw [*.....]
Gold: 315           SH:  0    Dex: 20    Spells: 5/15 levels left

rFire    . . .     SeeInvis .     - Unarmed
rCold    . . .     Faith    .   (shield currently unavailable)
rNeg     . . .     Spirit   .   (helmet currently unavailable)
rPois    x         Reflect  .   r - amulet of regeneration
rElec    .         Harm     .   g - ring of resist corrosion
rCorr    +         Rampage  .   u - +4 ring of evasion
Will     .....                  (no ring)
Stlth    +++.......             (no ring)
HPRegen  1.20/turn              (no ring)
MPRegen  0.14/turn              (no ring)
                                (no ring)
                                (no ring)

@: spider-form, wereblooded, flying, heavily drained
A: venomous fangs, almost no armour, (amphibious), 8 rings, tiny, (camouflage
1), (gelatinous body 1), (nimble swimmer 1), (tentacles)
a: End Transformation, Renounce Religion, Stomp


You were on level 9 of the Dungeon.
You worshipped Uskayaw.
Uskayaw was noncommittal.
You were a venomous arachnid creature.
You visited 2 branches of the dungeon, and saw 10 of its levels.

You collected 519 gold pieces.
You spent 204 gold pieces at shops.

Inventory:

Hand Weapons
 c - a +2 rapier of venom
   (You took it off Eustachio on level 4 of the Dungeon)
 j - a +2 vampiric spear
   (You took it off a gnoll sergeant on level 6 of the Dungeon)
 n - a +3 morningstar
   (You took it off a wight on level 6 of the Dungeon)
Missiles
 b - 52 bolts
 d - 230 stones
 o - 65 arrows
 q - 18 poisoned darts (quivered)
 s - 54 sling bullets
 t - 9 boomerangs
 F - 4 curare-tipped darts
 Z - 3 throwing nets {=!f}
Armour
 p - a +1 buckler (melded)
   (You found it on level 6 of the Dungeon)
Jewellery
 a - an amulet of the acrobat
   (You found it on level 1 of the Dungeon)
 g - a ring of resist corrosion (left front leg)
   (You found it on level 1 of the Dungeon)
 r - an amulet of regeneration (around neck)
   (You bought it in a shop on level 2 of the Dungeon)
 u - a +4 ring of evasion (right front leg)
   (You found it on level 4 of the Dungeon)
Wands
 x - a wand of polymorph (8)
   (You found it on level 4 of the Dungeon)
 A - a wand of acid (4)
   (You found it on level 6 of the Dungeon)
 I - a wand of iceblast (31)
   (You found it on level 4 of the Dungeon)
 P - a wand of paralysis (6)
   (You found it on level 5 of the Dungeon)
 V - a wand of flame (13)
   (You found it on level 6 of the Dungeon)
Scrolls
 f - 3 scrolls of amnesia
 m - 2 scrolls of enchant weapon
 w - a scroll of fear
 z - 2 scrolls of immolation
 T - 5 scrolls of teleportation
Potions
 e - a potion of brilliance
 l - a potion of flight
 Q - 2 potions of curing


   Skills:
 + Level 6.0 Fighting
 - Level 5.0 Dodging
 - Level 4.0 Stealth
 - Level 4.0 Shields
 + Level 8.1 Unarmed Combat
 + Level 3.0 Spellcasting
 + Level 6.0 Transmutations
 - Level 4.0 Poison Magic
 + Level 5.6 Invocations
 - Level 2.0 Evocations


You had 5 spell levels left.
You knew the following spells:

 Your Spells              Type           Power      Damage    Failure   Level
a - Beastly Appendage     Tmut           46%        N/A       7%          1
b - Wereblood             Tmut           23%        N/A       9%          2
c - Spider Form           Tmut/Pois      9%         N/A       19%         3
d - Ice Form              Ice/Tmut       12%        N/A       67%         4

Your spell library contained the following spells:

 Spells                   Type           Power      Damage    Failure   Level
 Static Discharge         Conj/Air       2%         N/A       47%         2
 Lightning Bolt           Conj/Air       1%         1d12      100%        5
 Ignition                 Fire           1%         3d3       100%        8
 Polar Vortex             Ice            1%         N/A       100%        9
 Shatter                  Erth           1%         3d5*      100%        9


Dungeon Overview and Level Annotations

Branches:
Dungeon (9/15)             Temple (1/1) D:4
   Lair: D:8-11         Orc: D:9-12

Altars:
Ashenzari
Cheibriados
Dithmenos
Elyvilon
Fedhas
Gozag
Hepliaklqana
Kikubaaqudgha
Makhleb
Nemelex Xobeh
Qazlal
Ru
Sif Muna
Trog
Uskayaw
Vehumet
Wu Jian
Xom
Yredelemnul
Zin
The Shining One
Jiyva

Shops:
D:2 *   D:3 (

Annotations:
D:4 Dowan, Duvessa
D:7 invis dude, Harold
D:9 exclusion: two-headed ogre


Innate Abilities, Weirdness & Mutations

You are a venomous arachnid creature.
You have poisonous fangs.
You are tiny and dextrous.
Your spellcasting is less reliable in this form.
Your armour is entirely melded.
You are incapable of wielding weapons or throwing items.
You cannot wear most types of armour.
((You are amphibious.))
You can wear up to eight rings at the same time.
((Your skin changes colour to match your surroundings (Stealth+).))
((Your rubbery body absorbs attacks. (AC +1, EV +1)))
((You are camouflaged near water. (Stealth+)))
((You have tentacles for arms and can constrict up to eight enemies at once.))


Message History

The helpless centaur zombie fails to defend itself.
You hit the centaur zombie.
The centaur zombie is lightly damaged.
The centaur zombie completely misses you. x2
You hit the centaur zombie.
The centaur zombie is moderately damaged.
Your transformation is almost over.
The centaur zombie completely misses you.
The centaur zombie misses you.
You bite the centaur zombie!
The centaur zombie is heavily damaged.
The centaur zombie hits you.
The centaur zombie completely misses you.
You take 3 damage, and have 65/68 hp.
You hit the centaur zombie.
The centaur zombie is severely damaged.
The centaur zombie completely misses you. x2
You hit the centaur zombie.
The centaur zombie is severely damaged.
The centaur zombie completely misses you. x2
You hit the centaur zombie.
The centaur zombie is almost destroyed.
The centaur zombie completely misses you.
The centaur zombie kicks you but does no damage.
Health restored: 68 You bite the centaur zombie!
You destroy the centaur zombie!
No target in view!
Q - 2 potions of curing (gained 1)
Your transformation has ended.
Your +1 buckler unmelds from your body.
Unknown command.
Unknown command.
You can no longer pass through a line of other dancers.
Found a wand of iceblast (9).
I - a wand of iceblast (31) (gained 9 charges)
You hear the steady creaking of a very distant portcullis.
Found a runed scarf.
You hear the steady creaking of a distant portcullis.
You see here a scarf of repulsion.
You hear the steady creaking of a distant portcullis.
Okay, then.
There is a stone staircase leading down here.
A ball python comes into view.
An orc wizard comes into view. It is wielding a +0 hand axe.
Casting: Spider Form (dangerous; 7% risk of failure)
Confirm with . or Enter, or press ? or * to list all spells.
You turn into a venomous arachnid creature.
Your +1 buckler melds into your body.
The ball python hisses angrily.
The orc wizard shouts!
You hear an angry hiss.
You now have 11/14 mp.
Casting: Spider Form (dangerous; 19% risk of failure)
Confirm with . or Enter, or press ? or * to list all spells.
You miscast Wereblood.
You are very lightly contaminated with residual magic.
Nothing appears to happen.
You now have 9/14 mp.
Casting: Wereblood (safe; 9% risk of failure)
Confirm with . or Enter, or press ? or * to list all spells.
Your blood is infused with primal strength.
You now have 7/14 mp.
A wight comes into view. It is wielding a +1 vorpal spear.
You hit the ball python.
The ball python is poisoned.
The ball python is heavily wounded.
You kill the ball python!
Your transformation is almost over.
A ball python comes into view.
The orc wizard gestures at you while chanting.
You are confused.
You are too confused!
You closely miss the orc wizard.
The orc wizard hits you with a +0 hand axe.
An orc wizard comes into view. It is wielding a +0 hand axe.
You take 2 damage, and have 66/68 hp.
Health restored: 68 The orc wizard hits you with a +0 hand axe.
The orc wizard gestures at you while chanting.
The puff of flame misses you.
Your magical contamination has completely faded away.
You take 4 damage, and have 64/68 hp.
You hit the orc wizard.
The orc wizard is poisoned.
The orc wizard is moderately wounded.
The orc wizard gestures at you while chanting.
You easily resist.
The orc wizard completely misses you.
You bite the orc wizard!
The orc wizard looks as sick as possible!
The orc wizard is almost dead.
You feel a bit better.
You kill the orc wizard!
The wight closely misses you.
You regained 2 hp, and now have 67/68 hp.
The wight completely misses you.
Health restored: 68 The wight misses you.
You feel less confused.
The wight hits you with a +1 vorpal spear.
You take 7 damage, and have 61/68 hp.
You hit the wight.
The wight is lightly damaged.
Your transformation has ended.
Your +1 buckler unmelds from your body.
You block the wight's attack. The orc wizard misses you.
The wight hits you with a +1 vorpal spear!
You take 8 damage, and have 53/68 hp.
You tentacle-slap the orc wizard. You grab the orc wizard.
You tentacle-slap the orc wizard. You squeeze the orc wizard!
The orc wizard is severely wounded.
You howl as the wereblood boils in your veins!
You constrict the orc wizard, but do no damage.
You block the wight's attack. The orc wizard closely misses you.
The wight hits you with a +1 vorpal spear!
You feel drained.
You can now pass through a line of other dancers.
You take 11 damage, and have 42/66 hp.
You tentacle-slap the orc wizard. x2; You feel a bit better.
You kill the orc wizard!
The wight misses you. The wight barely misses you.
You regained 3 hp, and now have 45/67 hp.
You block the wight's attack.
The wight hits you from afar with a +1 vorpal spear!
You take 8 damage, and have 38/67 hp.
Casting: Wereblood (safe; 2% risk of failure)
Confirm with . or Enter, or press ? or * to list all spells.
You turn into a venomous arachnid creature.
Your +1 buckler melds into your body.
You hear an angry hiss.
The wight completely misses you. The wight hits you with a +3 mace!
You feel drained.
You take 14 damage, and have 24/65 hp.
MASSIVE DAMAGE!!
You now have 6/14 mp.
You hit the wight but do no damage. The wight completely misses you.
The wight hits you with a +3 mace.
You feel drained.
* * * LOW HITPOINT WARNING * * *
You take 6 damage, and have 18/63 hp.
It was a potion of flight.
You feel very buoyant.
You fly up into the air.
l - a potion of flight You hear the quick creaking of a portcullis nearby.
The wight misses you. The wight completely misses you.
You regained 2 hp, and now have 20/63 hp.
Okay, then.
You can no longer pass through a line of other dancers.
You hit the wight.
The wight is lightly damaged.
You bite the wight!
The wight is severely damaged.
The wight completely misses you. The wight hits you with a +3 mace!
* * * LOW HITPOINT WARNING * * *
You feel drained.
You die...

#..# #.#
#...# #..#
#.# #...#
#..# #.#
#...# #..#
#.# #...#
#.># #.#
#...# #..#
### #####
#..# #..#
#.s# #.z# .
#.z####..#
#S......#.
#........#
#.).....##
#.......#
#.......####
#...........


You could see 2 wights and a ball python.

Vanquished Creatures
  Joseph (D:8)
  Eustachio (D:4)
  A wyvern (D:8)
  5 yaks (D:8)
  A steam dragon (D:8)
  2 sky beasts
  An ice beast (D:3)
  A hornet zombie (D:9)
  3 orc warriors
  3 ogres
  A centaur (D:5)
  2 kobold brigands
  3 bullfrogs
  A gnoll sergeant (D:6)
  6 killer bees
  8 wights
  2 howler monkeys (D:7)
  4 jellies (D:8)
  4 centaur zombies
  6 hounds (D:6)
  2 gnoll shamans (D:6)
  7 orc priests
  2 centaur skeletons (D:5)
  A scorpion zombie (D:4)
  2 iguanas
  6 orc wizards
  A killer bee zombie (D:6)
  A howler monkey zombie (D:5)
  4 adders
  4 gnolls (D:6)
  A shadow imp (D:6)
  An ufetubus (D:6)
  2 dart slugs (D:3)
  2 worms
  19 orcs
  5 endoplasms
  3 goblins
  13 hobgoblins
  14 jackals
  3 quokkas
  5 ball pythons
  A bat (D:3)
  5 frilled lizards
  16 kobolds
  A rat (D:3)
177 creatures vanquished.

Vanquished Creatures (others)
  51 plants
51 creatures vanquished.

Grand Total: 228 creatures vanquished

Notes
Turn   | Place    | Note
-------+----------+-------------------------------------------
     0 | D:1      | mdonais the Octopode Transmuter began the quest for the
                  | Orb.
     0 | D:1      | Reached XP level 1. HP: 13/13 MP: 3/3
   465 | D:1      | Found a faded altar of an unknown god.
   739 | D:2      | Reached skill level 1 in Stealth
   739 | D:2      | Reached XP level 2. HP: 6/18 MP: 3/5
  1008 | D:2      | Learned a level 2 spell: Wereblood
  1138 | D:2      | Reached XP level 3. HP: 21/24 MP: 4/6
  1142 | D:2      | Learned a level 3 spell: Spider Form
  1272 | D:2      | Found Noer Bye's Assorted Antiques.
  1288 | D:2      | Bought a scroll labelled GINUUCVOOL for 23 gold pieces
  1288 | D:2      | Bought a grey potion for 20 gold pieces
  1634 | D:3      | Noticed an ice beast
  1755 | D:3      | Reached XP level 4. HP: 29/29 MP: 3/7
  1767 | D:3      | Reached skill level 4 in Unarmed Combat
  1916 | D:3      | Found Umiwk's Weapon Emporium.
  2023 | D:3      | Reached XP level 5. HP: 33/36 MP: 6/8
  2416 | D:2      | Bought a scroll labelled CEMIMNU MUOCA for 23 gold pieces
  2416 | D:2      | Bought a scroll labelled CEMIMNU MUOCA for 23 gold pieces
  2505 | D:4      | Noticed Dowan
  2695 | D:4      | Noticed Eustachio
  2880 | D:4      | Found a shimmering altar of Xom.
  2882 | D:4      | Found a blossoming altar of Fedhas.
  2886 | D:4      | Found a white marble altar of Elyvilon.
  2886 | D:4      | Found a shimmering blue altar of Sif Muna.
  2889 | D:4      | Found a glowing golden altar of the Shining One.
  2890 | D:4      | Found a stormy altar of Qazlal.
  2891 | D:4      | Found a shadowy altar of Dithmenos.
  3050 | D:4      | Noticed Duvessa
  3148 | D:4      | Found a staircase to the Ecumenical Temple.
  3301 | Temple   | Entered the Ecumenical Temple
  3357 | Temple   | Became a worshipper of Uskayaw the Reveller
  3484 | D:4      | Reached * piety under Uskayaw
  3488 | D:4      | Reached XP level 6. HP: 37/42 MP: 7/9
  3552 | D:2      | Bought a blackened bronze amulet for 115 gold pieces
  3670 | D:5      | Entered Level 5 of the Dungeon
  3732 | D:4      | Reached ** piety under Uskayaw
  3735 | D:4      | Reached *** piety under Uskayaw
  3736 | D:4      | Killed Eustachio
  3737 | D:4      | Reached skill level 5 in Unarmed Combat
  3846 | D:5      | Reached skill level 6 in Unarmed Combat
  3846 | D:5      | Reached skill level 1 in Poison Magic
  3846 | D:5      | Reached XP level 7. HP: 48/48 MP: 10/10
  4556 | D:6      | HP: 2/48 [orc warrior/+0 glaive (15)]
  4890 | D:6      | Reached skill level 1 in Shields
  5189 | D:6      | Reached XP level 8. HP: 47/54 MP: 11/11
  5744 | D:6      | Reached skill level 1 in Invocations
  5745 | D:6      | Reached **** piety under Uskayaw
  5894 | D:6      | Reached XP level 9. HP: 58/58 MP: 8/12
  6185 | D:7      | Noticed Harold
  6197 | D:7      | Reached skill level 1 in Evocations
  6662 | D:3      | Found Umiwk's Weapon Emporium.
  6960 | D:6      | Upgraded the game from 0.27-a0-1245-g940ed4fa31 to
                  | 0.27-a0-1256-gced786f65e
  7897 | D:8      | Found an ancient bone altar of Kikubaaqudgha.
  7951 | D:8      | Found a hazy altar of Hepliaklqana.
  7989 | D:8      | Noticed Joseph
  8018 | D:8      | Killed Joseph
  8019 | D:8      | Reached skill level 5 in Fighting
  8019 | D:8      | Reached skill level 7 in Unarmed Combat
  8160 | D:8      | Found a viscous altar of Jiyva.
  8191 | D:8      | Reached skill level 5 in Transmutations
  8361 | D:8      | Reached XP level 10. HP: 61/66 MP: 1/14
  8407 | D:8      | Reached skill level 5 in Dodging
  8515 | D:8      | Found a sparkling altar of Nemelex Xobeh.
  8516 | D:8      | Found an opulent altar of Gozag.
  9128 | D:8      | Learned a level 4 spell: Ice Form
  9328 | D:8      | Found a viscous altar of Jiyva.
  9345 | D:8      | Found a sparkling altar of Nemelex Xobeh.
  9348 | D:8      | Found an opulent altar of Gozag.
  9504 | D:8      | Found a hazy altar of Hepliaklqana.
  9529 | D:8      | Found an ancient bone altar of Kikubaaqudgha.
  9577 | D:8      | Reached skill level 5 in Invocations
 10453 | D:9      | Noticed a two-headed ogre
 10461 | D:8      | Reached skill level 8 in Unarmed Combat
 10625 | D:9      | Noticed a two-headed ogre
 10861 | D:9      | Slain by a wight

Illustrated notes

Levels and vault maps discovered:
D:1:      matt_arrival_grand_opening, layout_basic,
          chequers_ecumenical_altar_simple_redux
D:2:      layout_basic, serial_shops, shop
D:3:      layout_rooms, serial_shops, shop, serial_corexii_hall,
          corexii_hall_statues_s, chequers_hall_statues_corner_a,
          corexii_hall_statues_s
D:4:      layout_cave_pools, minitemple, temple_hall_moat, minmay_liquid_box,
          kennysheep_diamond, abandoned_shop, uniq_duvessa, uniq_eustachio
D:5:      layout_loops_ring
D:6:      kennysheep_housing_project, layout_basic
D:7:      layout_rooms, old_standard_altar, minivault_5, uniq_harold
D:8:      layout_basic, grunt_temple_overflow_opulence,
          overflow_temple_1_default, old_standard_altar, jiyva_altar_1,
          uniq_joseph
D:9:      lemuel_ogre_cave, layout_long_grid, enter_bailey_2,
          roderic_roman_lattice, introduction_to_nature_2
Temple:   eino_wide_crystal_templ

Skill      XL: |  1  2  3  4  5  6  7  8  9 10 |
---------------+-------------------------------+-----
Stealth        | 1 2 3 4 |  4.0
Fighting       | 2 3 4 5 6 |  6.0
Unarmed Combat | 4 6 7 8 |  8.1
Poison Magic   | 1 3 4 |  4.0
Dodging        | 3 4 5 |  5.0
Shields        | 2 4 |  4.0
Transmutations | 4 5 6 |  6.0
Invocations    | 1 4 5 |  5.6
Evocations     | 2 |  2.0
Spellcasting   | 3 |  3.0

Action                   |  1- 3 |  4- 6 |  7- 9 | 10-12 || total
-------------------------+-------+-------+-------+-------++-------
Melee: Unarmed           |    48 |    99 |   291 |   105 ||   543
       Kick              |     9 |    26 |    29 |       ||    64
       Constrict         |    14 |    29 |    29 |     7 ||    79
       Tentacles         |    10 |    16 |    29 |     3 ||    58
       Punch             |     2 |     3 |     4 |     4 ||    13
       Rapier            |       |       |     5 |       ||     5
Throw: Boomerang         |    17 |     3 |     9 |       ||    29
       Dart              |       |    20 |    40 |       ||    60
 Cast: Beastly Appendage |    14 |    23 |    25 |       ||    62
       Wereblood         |     3 |     4 |     3 |     2 ||    12
       Spider Form       |       |       |    25 |     8 ||    33
Invok: Stomp             |       |       |     1 |       ||     1
       Line Pass         |       |       |     1 |       ||     1
Evoke: Wand              |       |       |     6 |     2 ||     8
  Use: Potion            |       |     5 |       |     2 ||     7
       Scroll            |       |     5 |     6 |     7 ||    18
 Stab: Sleeping          |     4 |     2 |     4 |     2 ||    12
       Paralysed         |       |     1 |     7 |     2 ||    10
       Confused          |       |       |       |     1 ||     1
Armor: Skin              |     1 |     2 |     4 |     1 ||     8
Dodge: Dodged            |    26 |    60 |   245 |    93 ||   424
Block: Buckler           |       |       |    14 |     6 ||    20

Table legend: (Time is in decaauts)
 A = Elapsed time spent in this place.
 B = Non-inter-level travel time spent in this place.
 C = Inter-level travel time spent in this place.
 D = Time resting spent in this place.
 E = Time spent auto-exploring this place.
 F = Levels seen in this place.
 G = Mean time per level.
                   A        B        C        D        E       F      G
               +--------+--------+--------+--------+--------+-----+--------+
         Total |  10826 |   9597 |   1229 |    553 |   5943 |  10 | 1082.6 |
       Dungeon |  10762 |   9554 |   1208 |    553 |   5921 |   9 | 1195.8 |
        Temple |     63 |     43 |     20 |      0 |     22 |   1 |   63.0 |
               +--------+--------+--------+--------+--------+-----+--------+

Top non-repeatable levels by time:
     D:8: 2614 daAuts
     D:6: 2540 daAuts
     D:3: 1181 daAuts
     D:4: 1157 daAuts
     D:5: 953 daAuts
     D:2: 940 daAuts
     D:1: 851 daAuts
     D:9: 364 daAuts
     D:7: 158 daAuts
  Temple: 63 daAuts
